 Dungeon Crawl Stone Soup version 0.31-a0-854-g362426d53f (webtiles) character file.

Game seed: 9417138036695253500

1859 Azuregosa the Spear-Bearer (level 9, -2/111 HPs)
             Began as a Merfolk Monk on Oct 8, 2023.
             Was a Priest of Trog.
             Slain by a yak (14 damage)
             ... on level 8 of the Dungeon.
             The game lasted 00:20:31 (4719 turns).

Azuregosa the Spear-Bearer (Merfolk Monk)           Turns: 4719, Time: 00:20:31

Health: -2/111     AC:  9    Str: 15    XL:     9   Next: 13%
Magic:  9/9        EV: 12    Int:  9    God:    Trog [***...]
Gold:   231        SH:  5    Dex: 17    Spells: 8/8 levels left

rFire   . . .        a - +0 spear
rCold   . . .        d - orb {light}
rNeg    + . .        x - +1 ring mail {rN+}
rPois   .            (no helmet)
rElec   .            (no cloak)
rCorr   .            l - +0 pair of gloves
SInv    +            j - +0 pair of boots
Will    .....        y - amulet of reflection Stlth
                     p - ring of see invisible
HPRegen 0.38/turn    (no ring)
MPRegen 0.11/turn

%: reflection
@: berserking (expiring), glowing, very quick
A: (nimble swimmer 2), mertail
a: Renounce Religion, Berserk, Trog's Hand


You were on level 8 of the Dungeon.
You worshipped Trog.
Trog was most pleased with you.
You visited 2 branches of the dungeon, and saw 9 of its levels.

You collected 231 gold pieces.

Inventory:

Hand Weapons
 a - a +0 spear (weapon)
 s - a +0 halberd
 v - a +0 trident
 A - a +2 vampiric hand axe
 I - a +0 rapier of flaming
 L - a +1 scimitar of holy wrath
Missiles
 g - 23 poisoned darts
Armour
 b - a +0 robe
 d - an orb of light (worn)
 h - a +0 ring mail
 j - a +0 pair of boots (worn)
 l - a +0 pair of gloves (worn)
 x - a +1 ring mail of positive energy (worn)
 K - a +0 pair of boots
Jewellery
 e - an amulet of the acrobat
 i - an amulet of magic regeneration
 p - a ring of see invisible (left hand)
 y - an amulet of reflection (around neck)
Wands
 C - a wand of roots (15)
 G - a wand of paralysis (8)
Scrolls
 k - a scroll of fear {unknown}
 n - 2 scrolls of blinking {unknown}
 u - a scroll of immolation {unknown}
 w - a scroll of identify {unknown}
 z - a scroll of teleportation {unknown}
 B - a scroll of fog {unknown}
 E - a scroll of revelation {unknown}
 H - a scroll of torment {unknown}
 J - a scroll of enchant weapon {unknown}
Potions
 c - a potion of ambrosia
 f - 2 potions of degeneration {unknown}
 m - a potion of curing {unknown}
 o - 2 potions of magic {unknown}
 q - 2 potions of invisibility {unknown}
 r - 2 potions of enlightenment {unknown}
 t - a potion of resistance {unknown}
 D - a potion of lignification {unknown}
 F - a potion of might {unknown}


   Skills:
 + Level 8.1 Fighting
 + Level 9.6 Polearms
 + Level 4.8 Armour
 - Level 4.0 Dodging


You had 8 spell levels left.
You didn't know any spells.
Your spell library contained the following spells:

 Spells                   Type           Power      Damage    Failure   Level
 Static Discharge         Conj/Air       0%         2-2/arc   75%         2
 Airstrike                Air            0%         2d(0-16)  100%        4
 Summon Lightning Spire   Summ/Air       0%         N/A       100%        4


Dungeon Overview and Level Annotations

Branches:
Dungeon (8/15)             Temple (1/1) D:4
   Lair: D:8-11

Altars:
Cheibriados
Dithmenos
Elyvilon
Hepliaklqana
Kikubaaqudgha
Makhleb
Okawaru
Qazlal
Ru
Sif Muna
Trog
Vehumet
Wu Jian


Innate Abilities, Weirdness & Mutations

((You are very nimble when in or above water. (Stealth+, EV+, Speed+++)))
Your lower body shifts to a powerful aquatic tail in water.


Message History

The yak closely misses you.
The ice beast hits you but does no damage.
You hit the ice beast.
The ice beast is severely wounded.
You barely miss the ice beast.
The ice beast is severely wounded.
The yak gores you!
* * * LOW HITPOINT WARNING * * *
The yak barely misses you. The ice beast barely misses you.
You barely miss the ice beast.
The ice beast is severely wounded.
You puncture the ice beast!
You kill the ice beast!
Trog accepts your kill. The yak closely misses you.
The yak gores you but does no damage.
You have reached level 9!
Your experience leads to an increase in your attributes!
Increase (S)trength, (I)ntelligence, or (D)exterity?
You feel stronger. x2
You hit the yak but do no damage. You hit the yak.
The yak is lightly wounded.
You hit the yak.
The yak is moderately wounded.
The yak gores you but does no damage. The yak closely misses you.
You puncture the yak!
The yak is severely wounded.
You hit the yak.
The yak is severely wounded.
The yak gores you.
* * * LOW HITPOINT WARNING * * *
You block the yak's attack.
You puncture the yak!
You kill the yak!
Trog accepts your kill.
Your Fighting skill increases to level 8!
You hit the yak.
The yak is lightly wounded.
The yak gores you!
You die...

###......
......... (
........# ..
........## ...
#........#
...#
#.......#....#
#<.........#
#...†@....#
#...Y....##
#........#
##.........
#..........#
...........#
...........##
#............


You could see a yak.

Vanquished Creatures
  An unseen horror (D:6)
  A shadow (D:5)
  3 yaks
  Menkaure (D:7)
  A water moccasin (D:7)
  An ice beast (D:8)
  A kobold brigand (D:6)
  2 hounds (D:5)
  3 orc priests
  4 iguanas
  4 sleepcaps
  Jessica (D:3)
  Terence (D:3)
  An orc wizard (D:5)
  3 gnolls (D:7)
  6 adders
  A white imp (D:5)
  3 worms
  3 dart slugs
  14 orcs
  5 ball pythons
  9 endoplasms
  A giant cockroach (D:2)
  7 goblins
  3 hobgoblins
  6 jackals (D:4)
  13 kobolds
  6 quokkas
  9 bats
  7 frilled lizards
  4 rats
125 creatures vanquished.

Notes
Turn   | Place    | Note
-------+----------+-------------------------------------------
     0 | D:1      | Azuregosa the Merfolk Monk began the quest for the Orb.
     0 | D:1      | Reached XP level 1. HP: 18/18 MP: 1/1
   286 | D:1      | Reached XP level 2. HP: 24/24 MP: 2/2
   432 | D:2      | Found a faded altar of an unknown god.
   455 | D:2      | Prayed at the altar of an unknown god.
   455 | D:2      | Became a worshipper of Trog the Wrathful
   455 | D:2      | Reached * piety under Trog
   455 | D:2      | Reached ** piety under Trog
   457 | D:2      | You fall into a shaft and drop 1 floor!
   482 | D:2      | Reached XP level 3. HP: 30/30 MP: 3/3
   497 | D:2      | Reached *** piety under Trog
   504 | D:2      | Reached skill level 1 in Armour
  1324 | D:3      | Noticed Jessica
  1330 | D:3      | Killed Jessica
  1331 | D:3      | Reached skill level 5 in Polearms
  1331 | D:3      | Reached XP level 4. HP: 37/37 MP: 4/4
  1712 | D:3      | Found a shimmering blue altar of Sif Muna.
  1780 | D:3      | Reached XP level 5. HP: 32/43 MP: 5/5
  2099 | D:3      | Noticed Terence
  2108 | D:3      | Killed Terence
  2109 | D:3      | Reached skill level 5 in Fighting
  2109 | D:3      | Reached XP level 6. HP: 51/51 MP: 6/6
  2204 | D:3      | Found an iron altar of Okawaru.
  2506 | D:4      | Found a staircase to the Ecumenical Temple.
  2519 | D:4      | Reached skill level 6 in Polearms
  2522 | Temple   | Entered the Ecumenical Temple
  2548 | D:4      | Reached **** piety under Trog
  2565 | D:4      | Found a shadowy altar of Dithmenos.
  2949 | D:5      | Entered Level 5 of the Dungeon
  2983 | D:4      | Found a snail-covered altar of Cheibriados.
  3981 | D:5      | Reached XP level 7. HP: 53/56 MP: 7/7
  4028 | D:5      | Found a bloodstained altar of Trog.
  4113 | D:5      | Noticed a shadow
  4123 | D:5      | Killed a shadow
  4124 | D:5      | Reached skill level 7 in Polearms
  4236 | D:6      | Noticed an unseen horror
  4251 | D:6      | Killed an unseen horror
  4252 | D:6      | Reached skill level 8 in Polearms
  4252 | D:6      | Reached XP level 8. HP: 65/65 MP: 8/8
  4268 | D:6      | Found a burning altar of Makhleb.
  4390 | D:7      | Found a radiant altar of Vehumet.
  4420 | D:7      | Noticed Menkaure
  4430 | D:7      | Killed Menkaure
  4485 | D:8      | Noticed a yak
  4485 | D:8      | Noticed a yak
  4485 | D:8      | Noticed a yak
  4485 | D:8      | Noticed a yak
  4497 | D:7      | Killed a yak
  4654 | D:7      | Reached skill level 9 in Polearms
  4705 | D:8      | Killed a yak
  4713 | D:8      | Reached XP level 9. HP: 12/74 MP: 9/9
  4719 | D:8      | Slain by a yak

Illustrated notes

Levels and vault maps discovered:
D:1:      sevenhm_arrival_forest_fort_large_4, layout_loops_corners
D:2:      layout_basic, nicolae_ecumenical_pavilion, item_on_display_a
D:3:      layout_basic, lemuel_tele_altar, mainiacjoe_overflow_alcove_2,
          hellmonk_no_cap, uniq_terence, uniq_jessica
D:4:      layout_layer_cave, mainiacjoe_overflow_catwalk,
          mainiacjoe_overflow_chevrons, minmay_temple_entry_junction_2,
          grunt_ministairs_15, minivault_23, corexii_corridor_pit,
          glass_columns_b
D:5:      layout_basic, lemuel_coloured_pillars_altar, bloody_trog
D:6:      layout_rooms, mainiacjoe_overflow_cross_hatched,
          hangedman_decor_opposing, minmay_misc_feat_alley,
          chequers_serial_rivers_small_b, corexii_checkpoint_a, uniq_jeremiah
D:7:      layout_basic, lemuel_doored_altar, minmay_misc_feat_square,
          uniq_menkaure, uniq_prince_ribbit1
D:8:      layout_cave_pods, grunt_lair_entry_orc_guard_hut, uniq_grum,
          uniq_gastronok, uniq_joseph, uniq_amaemon
Temple:   nicolae_temple_two_arcs

Skill      XL: |  1  2  3  4  5  6  7  8  9 |
---------------+----------------------------+-----
Armour         | 1 2 3 4 |  4.8
Fighting       | 4 5 6 7 8 |  8.1
Polearms       | 5 6 8 9 |  9.6
Dodging        | |  4.0

Action                     |  1- 3 |  4- 6 |  7- 9 || total
---------------------------+-------+-------+-------++-------
  Melee: Spear             |   116 |   244 |   191 ||   551
 Invoke: Berserk           |     1 |     5 |     6 ||    12
         Trog's Hand       |       |       |     2 ||     2
 Armour: Ring mail         |    39 |   112 |   106 ||   257
  Dodge: Dodged            |    76 |   106 |    91 ||   273
  Block: Orb               |       |    23 |    38 ||    61
         Reflection        |       |       |     2 ||     2

Table legend: (Time is in decaauts)
 A = Elapsed time spent in this place.
 B = Non-inter-level travel time spent in this place.
 C = Inter-level travel time spent in this place.
 D = Time resting spent in this place.
 E = Time spent auto-exploring this place.
 F = Levels seen in this place.
 G = Mean time per level.
                   A        B        C        D        E       F      G
               +--------+--------+--------+--------+--------+-----+--------+
         Total |   4708 |   4708 |      0 |    137 |   3046 |   9 |  523.1 |
       Dungeon |   4706 |   4706 |      0 |    137 |   3046 |   8 |  588.2 |
        Temple |      1 |      1 |      0 |      0 |      0 |   1 |    1.0 |
               +--------+--------+--------+--------+--------+-----+--------+

Top non-repeatable levels by time:
     D:4: 1376 daAuts
     D:1: 1098 daAuts
     D:3: 714 daAuts
     D:2: 523 daAuts
     D:5: 499 daAuts
     D:7: 340 daAuts
     D:6: 141 daAuts
     D:8: 12 daAuts
  Temple: 1 daAuts
